 Dungeon Crawl Stone Soup version 0.29.0-4-gdea44cf6ec (webtiles) character file.

Game seed: 3744686521601132648

65 qw the Chopper (level 4, -4/26 HPs)
             Began as a Tengu Warper on Aug 28, 2022.
             Killed from afar by Ijyb (7 damage)
             ... with a puff of flame
             ... on level 3 of the Dungeon.
             The game lasted 00:00:12 (2370 turns).

qw the Chopper (Tengu Warper)                       Turns: 2370, Time: 00:00:13

Health: -4/26      AC:  5    Str: 13    XL:     4   Next: 13%
Magic:  8/8        EV: 11    Int: 14    God:
Gold:   107        SH:  0    Dex: 13    Spells: 7/7 levels left

rFire   . . .      SeeInvis .   Y - +0 hand axe
rCold   . . .      Faith    .   (no shield)
rNeg    . . .      Spirit   .   d - +0 ring mail
rPois   .          Reflect  .   (helmet restricted)
rElec   .          Harm     .   (no cloak)
rCorr   .          Rampage  .   (no gloves)
Will    .....                   (boots unavailable)
Stlth   +.........              (no amulet)
HPRegen 0.08/turn               (no ring)
MPRegen 0.11/turn               (no ring)

@: no status effects
A: beak, talons 3
a: no special abilities


You were on level 3 of the Dungeon.
You visited 1 branch of the dungeon, and saw 3 of its levels.

You collected 107 gold pieces.


Innate Abilities, Weirdness & Mutations

You have a beak for a mouth.
You have claws for feet.


   Skills:
 - Level 2.0 Fighting
 + Level 4.7 Axes
 - Level 1.0 Throwing
 - Level 1.1 Armour
 - Level 2.1 Dodging
 - Level 2.0 Spellcasting
 - Level 2.4 Translocations


You had 7 spell levels left.
You didn't know any spells.
Your spell library contained the following spells:

 Spells                   Type           Power      Damage    Failure   Level
 Blink                    Tloc           16%        N/A       28%         2
 Gell's Gravitas          Tloc           8%         N/A       50%         3
 Lesser Beckoning         Tloc           8%         N/A       50%         3
 Teleport Other           Tloc           8%         N/A       50%         3
 Manifold Assault         Tloc           8%         N/A       99%         5

Inventory:

Hand Weapons
 b - a +0 whip
 Y - a +0 hand axe (weapon)
Armour
 d - a +0 ring mail (worn)
Scrolls
 a - a scroll of enchant armour
 c - a scroll of identify
 j - a scroll of teleportation {unknown}
Potions
 e - a potion of curing
 f - a potion of resistance
 g - a potion of attraction {unknown}
 h - 4 potions of flight {unknown}
 i - a potion of magic {unknown}

Dungeon Overview and Level Annotations

Branches:
Dungeon (3/15)

Altars:

Annotations:
D:3 Ijyb


Message History

Ijyb hits you but does no damage.
You hit Ijyb but do no damage. You claw Ijyb, but do no damage.
You peck Ijyb, but do no damage. Ijyb closely misses you.
You hit Ijyb. You peck Ijyb.
Ijyb is lightly wounded.
Ijyb barely misses you. Ijyb closely misses you.
You barely miss Ijyb. Your kick misses Ijyb. Your peck misses Ijyb.
Ijyb is lightly wounded.
Ijyb hits you with a +0 club.
You hit Ijyb but do no damage. Your kick misses Ijyb.
Ijyb is lightly wounded.
Ijyb hits you but does no damage.
You barely miss Ijyb. Your kick misses Ijyb. Your peck misses Ijyb.
Ijyb is lightly wounded.
Ijyb screams, "Die!"
Ijyb barely misses you.
You hit Ijyb but do no damage. Your kick misses Ijyb.
Ijyb is lightly wounded.
Ijyb barely misses you.
You hit Ijyb. You claw Ijyb.
Ijyb is moderately wounded.
Ijyb hits you with a +0 club.
You closely miss Ijyb. Your peck misses Ijyb.
Ijyb is moderately wounded.
Ijyb hits you with a +0 club.
You hit Ijyb. Your kick misses Ijyb.
Ijyb is heavily wounded.
Ijyb zaps a wand.
The puff of flame misses you.
You barely miss Ijyb. You peck Ijyb.
Ijyb is heavily wounded.
Ijyb zaps a wand.
The puff of flame hits you!
You hit Ijyb but do no damage. Your kick misses Ijyb.
You peck Ijyb, but do no damage.
Ijyb is heavily wounded.
Ijyb misses you.
You hit Ijyb but do no damage. You peck Ijyb, but do no damage.
Ijyb is heavily wounded.
Ijyb zaps a wand.
The puff of flame hits you!
You die...

#. #.# #.$# #
##...# .#
##.....##.
......... #w.....#
#g# #@# #.# #.#
#.# #.# #.# #.#
##### #.#
#.####...# #.#
#.#....#.#########


You could see Ijyb.

Vanquished Creatures
  An adder (D:2)
  3 dart slugs
  2 endoplasms
  2 giant cockroaches
  7 goblins
  2 hobgoblins (D:1)
  6 jackals
  3 quokkas
  5 ball pythons
  5 bats
  5 frilled lizards
  6 kobolds
  A rat (D:2)
48 creatures vanquished.

Notes
Turn   | Place    | Note
-------+----------+-------------------------------------------
     0 | D:1      | qw the Tengu Warper began the quest for the Orb.
     0 | D:1      | Reached XP level 1. HP: 12/12 MP: 4/4
     0 | D:1      | 0 ||| qw: Version: 0.1-a-89-g26bdef1
     0 | D:1      | 0 ||| qw: Game counter: 2357
     0 | D:1      | 0 ||| qw: Always use a shield: true
     0 | D:1      | 0 ||| qw: God list: Okawaru
     0 | D:1      | 0 ||| qw: Allow faded altars: false
     0 | D:1      | 0 ||| qw: Do Orc after D:15 true
     0 | D:1      | 0 ||| qw: Do second Lair branch before Depths: true
     0 | D:1      | 0 ||| qw: Lair rune preference: random
     0 | D:1      | 0 ||| qw: Plans: Normal
     0 | D:1      | 0 ||| PLANNING D:1-11
    47 | D:1      | 47 ||| Stepping ~*~*~tactically~*~*~ (stealth).
    83 | D:1      | Reached skill level 3 in Axes
    83 | D:1      | Reached XP level 2. HP: 14/17 MP: 6/6
   579 | D:1      | HP: 4/17 [quokka (3)]
  1054 | D:1      | 1054 ||| UPGRADING to +0 ring mail.
  1064 | D:1      | 1064 ||| DROPPING +0 leather armour.
  1065 | D:1      | 1065 ||| READING scroll labelled LIDDUO YBLO.
  1066 | D:1      | 1066 ||| READING scroll labelled ZUISTR ZAADD.
  1067 | D:1      | 1067 ||| READING scroll labelled ZANIL HELU.
  1068 | D:1      | 1068 ||| DROPPING scroll of blinking.
  1126 | D:2      | Reached XP level 3. HP: 21/21 MP: 7/7
  1128 | D:2      | 1128 ||| Stepping ~*~*~tactically~*~*~ (stealth).
  1139 | D:2      | 1139 ||| Stepping ~*~*~tactically~*~*~ (stealth).
  1180 | D:2      | 1180 ||| Stepping ~*~*~tactically~*~*~ (stealth).
  1265 | D:2      | Reached skill level 4 in Axes
  1293 | D:2      | 1293 ||| FLEEEEING.
  1309 | D:2      | 1309 ||| Stepping ~*~*~tactically~*~*~ (hiding).
  1366 | D:2      | 1366 ||| DROPPING +0 club.
  1861 | D:2      | 1861 ||| Stepping ~*~*~tactically~*~*~ (stealth).
  2120 | D:2      | 2120 ||| Stepping ~*~*~tactically~*~*~ (stealth).
  2126 | D:2      | Reached XP level 4. HP: 26/26 MP: 8/8
  2182 | D:2      | 2182 ||| READING 2 scrolls labelled LIUBRI ZUTOR.
  2183 | D:2      | 2183 ||| READING scroll labelled VUCSAS APESAV.
  2184 | D:2      | 2184 ||| DRINKING 2 fuming pink potions.
  2185 | D:2      | 2185 ||| READING 2 scrolls of identify.
  2185 | D:2      | 2185 ||| IDENTIFYING viscous coppery potion
  2348 | D:3      | Noticed Ijyb
  2349 | D:3      | 2349 ||| Stepping ~*~*~tactically~*~*~ (hiding).
  2350 | D:3      | 2350 ||| Stepping ~*~*~tactically~*~*~ (hiding).
  2351 | D:3      | 2351 ||| Stepping ~*~*~tactically~*~*~ (hiding).
  2368 | D:3      | HP: 3/26 [Ijyb/puff of flame (10)]
  2370 | D:3      | Killed from afar by Ijyb

Levels and vault maps discovered:
D:1:      lightli_iron_boxes, layout_rooms
D:2:      layout_basic, minmay_small_reverse_x
D:3:      layout_loops_ring, gammafunk_ghost_stat_death, uniq_grinder, uniq_ijyb

Skill      XL: |  1  2  3 |
---------------+----------+-----
Axes           | 3 4 |  4.7
Fighting       | |  2.0
Throwing       | |  1.0
Armour         | |  1.1
Dodging        | |  2.1
Spellcasting   | |  2.0
Translocations | |  2.4

Action                   |  1- 3 |  4- 6 || total
-------------------------+-------+-------++-------
Melee: Hand axe          |    88 |    34 ||   122
       Kick              |    21 |     8 ||    29
       Peck              |     6 |     7 ||    13
Throw: Boomerang         |     7 |       ||     7
  Use: Scroll            |     3 |     3 ||     6
       Potion            |       |     1 ||     1
Armor: Leather armour    |    11 |       ||    11
       Ring mail         |    20 |    10 ||    30
Dodge: Dodged            |    55 |    18 ||    73

Table legend:
 A = Non-vault XP
 B = Vault XP
 C = Vault XP percentage of total XP
 D = Non-vault monster count
 E = Vault monster count
 F = Vault count percentage of total count
                 A         B        C        D         E       F
            +---------+---------+-------+---------+---------+-------
      Total |      87 |       6 |   6.5 |      44 |       4 |   8.3
            +---------+---------+-------+---------+---------+-------
        D:1 |      33 |       0 |   0.0 |      18 |       0 |   0.0
        D:2 |      45 |       6 |  11.8 |      21 |       4 |  16.0
        D:3 |       9 |       0 |   0.0 |       5 |       0 |   0.0
            +---------+---------+-------+---------+---------+-------
